 Dungeon Crawl Stone Soup version 0.29-a0-194-g6e3aafee17 (webtiles) character file.

Game seed: 5841186128867899646

634 ZeroWinrate the Grasshopper (level 7, 0/56 HPs)
             Began as a Gnoll Wanderer on Feb 22, 2022.
             Was an Initiate of Gozag.
             Shot with an arrow by a centaur (9 damage)
             ... on level 5 of the Dungeon.
             The game lasted 00:18:38 (6059 turns).

ZeroWinrate the Grasshopper (Gnoll Wanderer)        Turns: 6059, Time: 00:18:38

Health: 0/56       AC:  5    Str: 14    XL:     7   Next: 49%
Magic:  15/15      EV: 12    Int: 15    God:    Gozag
Gold:   208        SH:  0    Dex: 13    Spells: 17/17 levels left

rFire   + + .      SeeInvis .   d - +1 hunting sling (freeze)
rCold   . . .      Faith    .   (no shield)
rNeg    . . .      Spirit   .   n - +2 leather armour of the King of the Hill {rElec rF++ Will- rCorr}
rPois   .          Reflect  .   (no helmet)
rElec   +          Harm     .   (no cloak)
rCorr   +          Rampage  .   (no gloves)
Will    .....                   (no boots)
Stlth   ++........              (no amulet)
HPRegen 0.18/turn               j - +6 ring of strength
MPRegen 0.14/turn               (no ring)

@: gold aura, hasted, very quick
A: fangs 1, strong nose, distributed training
a: Renounce Religion, Potion Petition, Call Merchant, Bribe Branch


You were on level 5 of the Dungeon.
You worshipped Gozag.
Gozag was aware of your devotion.
You visited 2 branches of the dungeon, and saw 6 of its levels.

You collected 327 gold pieces.
You spent 52 gold pieces at shops.
You paid 67 gold pieces to Gozag.

Inventory:

Hand Weapons
 a - a +0 dagger
 d - a +1 hunting sling of freezing (weapon)
Missiles
 e - 3 poisoned darts
 k - 5 silver boomerangs (quivered)
Armour
 m - the +4 ring mail "Bagoq" {Str+2}
   (You found it on level 2 of the Dungeon)

   Str:       It affects your strength (+2).
 n - the +2 leather armour of the King of the Hill (worn) {rElec rF++ Will- rCorr}
   (You took it off a kobold on level 2 of the Dungeon)

   rF:        It greatly protects you from fire.
   rElec:     It insulates you from electricity.
   rCorr:     It protects you from acid and corrosion.
   Will:      It decreases your willpower.
Jewellery
 j - a +6 ring of strength (left hand)
Scrolls
 c - a scroll of fog
 h - a scroll of fear
 l - 2 scrolls of amnesia
 p - a scroll of enchant armour
Potions
 b - 3 potions of might
 g - a potion of curing
 i - a potion of ambrosia
 o - a potion of mutation


   Skills:
 + Level 5.2 Fighting
 + Level 2.5 Short Blades
 + Level 2.5 Long Blades
 + Level 2.5 Axes
 + Level 2.5 Maces & Flails
 + Level 2.5 Polearms
 + Level 2.5 Staves
 + Level 2.5 Slings
 + Level 2.5 Bows
 + Level 2.5 Crossbows
 + Level 2.5 Throwing
 + Level 2.5 Armour
 + Level 2.5 Dodging
 + Level 2.5 Stealth
 + Level 2.5 Shields
 + Level 2.5 Unarmed Combat
 + Level 5.6 Spellcasting
 + Level 2.0 Conjurations
 + Level 2.0 Hexes
 + Level 2.0 Summonings
 + Level 2.0 Necromancy
 + Level 7.4 Translocations
 + Level 4.3 Transmutations
 + Level 2.0 Fire Magic
 + Level 2.0 Ice Magic
 + Level 2.0 Air Magic
 + Level 2.0 Earth Magic
 + Level 2.0 Poison Magic
 + Level 2.8 Invocations
 + Level 2.5 Evocations


You had 17 spell levels left.
You didn't know any spells.
Your spell library contained the following spells:

 Spells                   Type           Power      Damage    Failure   Level
 Apportation              Tloc           52%        N/A       1%          1
 Gell's Gravitas          Tloc           26%        N/A       2%          3
 Lesser Beckoning         Tloc           26%        N/A       2%          3
 Beastly Appendage        Tmut           34%        N/A       3%          1
 Spider Form              Tmut/Pois      13%        N/A       16%         3


Dungeon Overview and Level Annotations

Branches:
Dungeon (5/15)             Temple (1/1) D:4

Altars:
Ashenzari
Dithmenos
Elyvilon
Fedhas
Gozag
Hepliaklqana
Kikubaaqudgha
Makhleb
Nemelex Xobeh
Okawaru
Qazlal
Ru
Sif Muna
Trog
Uskayaw
Vehumet
Wu Jian
Xom
Yredelemnul
Zin
The Shining One

Shops:
D:1 *

Annotations:
D:3 Grinder


Innate Abilities, Weirdness & Mutations

You have very sharp teeth.
Your uncanny sense of smell can sniff out nearby items.
Your experience applies equally to all skills.


Message History

Your Conjurations skill increases to level 2!
Your Hexes skill increases to level 2!
Your Summonings skill increases to level 2!
Your Necromancy skill increases to level 2!
Your Fire Magic skill increases to level 2!
Your Ice Magic skill increases to level 2!
Your Air Magic skill increases to level 2!
Your Earth Magic skill increases to level 2!
Your Poison Magic skill increases to level 2!
l - 2 scrolls of amnesia (gained 1)
An ufetubus comes into view.
You see here 5 gold pieces.
You are too injured to fight recklessly!
You are too injured to fight recklessly!
You are too injured to fight recklessly!
Fire: d) +1 hunting sling (freeze)
Press: ? - help, Shift-Dir - straight line, f - ufetubus
Aim: an ufetubus You shoot a sling bullet.
The sling bullet hits the ufetubus!
The sling bullet freezes the ufetubus.
You kill the ufetubus!
Fire: d) +1 hunting sling (freeze)
Press: ? - help, Shift-Dir - straight line, f - you Really target yourself? [Y]es or [N]o only, please.
Really target yourself? [Y]es or [N]o only, please.
Really target yourself?
Found 20 stones.
A centaur and an adder skeleton come into view.
The centaur shouts!
The centaur wields a +0 shortbow.
The centaur shoots an arrow.
The arrow hits you!
* * * LOW HITPOINT WARNING * * *
You see here a potion of might.
b - 3 potions of might (gained 1)
The centaur shoots an arrow.
The arrow barely misses you.
The centaur shoots an arrow.
The arrow hits you!
You die...
Your body crumbles into a pile of gold.

#.$...##......
####............
#..#....###..##....
.......$.##..##....
....##....$........
. #........###..
##........#
...#........###
.......@......#
#.#....#......# $ #
#............. $
#...........#.
#...........(..
...............#
.#..........Z...
##...........c.
##...........#


You could see a centaur and an adder skeleton.

Vanquished Creatures
  A black bear (D:5)
  A necrophage (D:4)
  A hound (D:4)
  2 orc priests
  Terence (D:2)
  An iguana (D:4)
  2 orc wizards
  2 hound skeletons (D:4)
  Robin (D:3)
  3 gnolls (D:4)
  7 adders
  An ufetubus (D:5)
  7 worms
  3 dart slugs
  16 orcs
  5 endoplasms
  2 giant cockroaches
  9 goblins
  14 hobgoblins
  2 jackals (D:2)
  3 quokkas
  5 ball pythons
  5 bats
  3 frilled lizards
  7 kobolds
  9 rats
113 creatures vanquished.

Notes
Turn   | Place    | Note
-------+----------+-------------------------------------------
     0 | D:1      | ZeroWinrate the Gnoll Wanderer began the quest for the Orb.
     0 | D:1      | ZeroWinrate set off with the following items: a +0 dagger,
                  | a +0 robe, a scroll of fog; and the following spells
                  | available to memorise: Apportation, Gell's Gravitas, Lesser
                  | Beckoning, Beastly Appendage, Spider Form
     0 | D:1      | Reached XP level 1. HP: 20/20 MP: 6/6
   484 | D:1      | Found Xoxtol's Assorted Antiques.
   602 | D:1      | Bought a fizzy blue potion for 16 gold pieces
   619 | D:1      | Reached XP level 2. HP: 23/26 MP: 7/7
  1201 | D:1      | Reached XP level 3. HP: 11/31 MP: 9/9
  1555 | D:1      | Found a faded altar of an unknown god.
  1609 | D:2      | Reached skill level 5 in Spellcasting
  1612 | D:2      | Identified the +4 ring mail "Bagoq" {Str+2}
  1683 | D:2      | Identified the +2 leather armour of the King of the Hill
                  | {rElec rF++ Will- rCorr}
  1688 | D:2      | Reached skill level 1 in Invocations
  1781 | D:2      | Reached skill level 1 in Short Blades
  1781 | D:2      | Reached skill level 1 in Long Blades
  1781 | D:2      | Reached skill level 1 in Axes
  1781 | D:2      | Reached skill level 1 in Maces & Flails
  1781 | D:2      | Reached skill level 1 in Polearms
  1781 | D:2      | Reached skill level 1 in Staves
  1781 | D:2      | Reached skill level 1 in Slings
  1781 | D:2      | Reached skill level 1 in Bows
  1781 | D:2      | Reached skill level 1 in Crossbows
  1781 | D:2      | Reached skill level 1 in Throwing
  1781 | D:2      | Reached skill level 1 in Armour
  1781 | D:2      | Reached skill level 1 in Dodging
  1781 | D:2      | Reached skill level 1 in Stealth
  1781 | D:2      | Reached skill level 1 in Shields
  1781 | D:2      | Reached skill level 1 in Unarmed Combat
  1781 | D:2      | Reached skill level 1 in Evocations
  1809 | D:2      | Reached XP level 4. HP: 33/38 MP: 11/11
  2269 | D:2      | Reached skill level 1 in Conjurations
  2269 | D:2      | Reached skill level 1 in Hexes
  2269 | D:2      | Reached skill level 1 in Summonings
  2269 | D:2      | Reached skill level 1 in Necromancy
  2269 | D:2      | Reached skill level 1 in Fire Magic
  2269 | D:2      | Reached skill level 1 in Ice Magic
  2269 | D:2      | Reached skill level 1 in Air Magic
  2269 | D:2      | Reached skill level 1 in Earth Magic
  2269 | D:2      | Reached skill level 1 in Poison Magic
  2534 | D:3      | Reached XP level 5. HP: 19/43 MP: 12/12
  2763 | D:3      | Noticed Terence
  3275 | D:3      | Identified the +0 robe "Utour" {-Tele rCorr Int+2}
  3937 | D:1      | Bought a scroll of identify for 36 gold pieces
  4283 | D:3      | Noticed Robin
  4537 | D:3      | Killed Robin
  4589 | D:3      | Noticed Grinder
  4596 | D:3      | Paralysed by Grinder for 2 turns
  4844 | D:2      | Killed Terence
  4845 | D:2      | Reached XP level 6. HP: 41/50 MP: 13/13
  4982 | D:4      | Found a staircase to the Ecumenical Temple.
  4992 | Temple   | Entered the Ecumenical Temple
  5079 | Temple   | Became a worshipper of Gozag Ym Sagoz the Greedy
  5340 | D:4      | Reached skill level 5 in Fighting
  5604 | D:4      | Noticed a necrophage
  5622 | D:4      | Killed a necrophage
  5688 | D:4      | Reached XP level 7. HP: 56/56 MP: 15/15
  6036 | D:4      | Noticed a steam dragon
  6040 | D:5      | Entered Level 5 of the Dungeon
  6059 | D:5      | Shot with an arrow by a centaur

Illustrated notes

Levels and vault maps discovered:
D:1:      elethiomel_arrival_shortcut, layout_loops_ring, serial_shops, shop,
          dreamdust_ecumenical_altar_angels_and_demons, minmay_misc_feat_tiny,
          minmay_small_reverse_x
D:2:      layout_rooms, amcnicky_mini_pool_small, minmay_misc_feat_roman
D:3:      layout_basic, minmay_ruptured, uniq_robin, uniq_grinder, uniq_jessica,
          uniq_terence
D:4:      kennysheep_spiral_hall, layout_loops_ring,
          minmay_temple_entry_junction, minmay_joined_circles, uniq_sigmund
D:5:      layout_cave_pools, ebering_ghost_sewer_f
Temple:   dpeg_three_leaves_temple

Skill      XL: |  1  2  3  4  5  6  7 |
---------------+----------------------+-----
Spellcasting   | 5 |  5.6
Invocations    | 1 2 |  2.8
Short Blades   | 1 2 |  2.5
Long Blades    | 1 2 |  2.5
Axes           | 1 2 |  2.5
Maces & Flails | 1 2 |  2.5
Polearms       | 1 2 |  2.5
Staves         | 1 2 |  2.5
Slings         | 1 2 |  2.5
Bows           | 1 2 |  2.5
Crossbows      | 1 2 |  2.5
Throwing       | 1 2 |  2.5
Armour         | 1 2 |  2.5
Dodging        | 1 2 |  2.5
Stealth        | 1 2 |  2.5
Shields        | 1 2 |  2.5
Unarmed Combat | 1 2 |  2.5
Evocations     | 1 2 |  2.5
Conjurations   | 1 2 |  2.0
Hexes          | 1 2 |  2.0
Summonings     | 1 2 |  2.0
Necromancy     | 1 2 |  2.0
Fire Magic     | 1 2 |  2.0
Ice Magic      | 1 2 |  2.0
Air Magic      | 1 2 |  2.0
Earth Magic    | 1 2 |  2.0
Poison Magic   | 1 2 |  2.0
Transmutations | 4 |  4.3
Fighting       | 5 |  5.2
Translocations | |  7.4

Action                   |  1- 3 |  4- 6 |  7- 9 || total
-------------------------+-------+-------+-------++-------
Melee: Dagger            |    15 |    17 |       ||    32
       Hunting sling     |       |     3 |       ||     3
       Bite              |       |     3 |       ||     3
       Punch             |       |     2 |       ||     2
 Fire: Hunting sling     |    97 |   285 |    26 ||   408
Throw: Dart              |       |    13 |     9 ||    22
       Boomerang         |       |     3 |       ||     3
  Use: Scroll            |     6 |     6 |       ||    12
       Potion            |       |     2 |     1 ||     3
 Stab: Invisible         |       |     1 |       ||     1
Armor: Robe              |     6 |       |       ||     6
       Ring mail         |    32 |    16 |       ||    48
       Leather armour    |       |    65 |     7 ||    72
Dodge: Dodged            |    59 |    95 |    30 ||   184

Table legend: (Time is in decaauts)
 A = Elapsed time spent in this place.
 B = Non-inter-level travel time spent in this place.
 C = Inter-level travel time spent in this place.
 D = Time resting spent in this place.
 E = Time spent auto-exploring this place.
 F = Levels seen in this place.
 G = Mean time per level.
                   A        B        C        D        E       F      G
               +--------+--------+--------+--------+--------+-----+--------+
         Total |   6193 |   5955 |    238 |   1722 |   2874 |   6 | 1032.2 |
       Dungeon |   6095 |   5858 |    237 |   1722 |   2819 |   5 | 1219.0 |
        Temple |     98 |     98 |      0 |      0 |     55 |   1 |   98.0 |
               +--------+--------+--------+--------+--------+-----+--------+

Top non-repeatable levels by time:
     D:1: 1965 daAuts
     D:2: 1680 daAuts
     D:3: 1434 daAuts
     D:4: 1002 daAuts
  Temple: 98 daAuts
     D:5: 12 daAuts
